Map: Fields of Death

Players

ProstoWortex

  • Race: Terran Terran
  • League: Platinum
  • Spawn Location: 6:00

CaNT

  • Race: Terran Terran
  • Spawn Location: 7:00

Loken - Winner!

  • Race: Protoss Protoss
  • League: Platinum
  • Spawn Location: 12:00

dallaskuken - Winner!

  • Race: Protoss Protoss
  • League: Platinum
  • Spawn Location: 12:00

VOD

Have the link to the VOD?

Description

Time

  • Played on: April 6, 2017, 7:41 a.m.
  • Length: 15:16
Show
View Real Time Build Order
Export as new Build Order

ProstoWortex Terran 

Build Orders: 1/1/1, Mech 

Get SALT Encoding   

  12  0:01  SCV  
  13  0:13  SCV  
  14  0:23  Supply Depot  
  14  0:25  SCV  
  15  0:36  Refinery  
  15  0:45  SCV  
  15  0:46  Barracks  
  16  0:57  SCV  
  17  1:09  SCV  
  18  1:14  Refinery  
  18  1:21  SCV  
  19  1:33  SCV  
  19  1:39  Factory  
  20  1:45  SCV  
  21  1:57  SCV  
  22  2:02  Barracks Reactor  
  22  2:05  Supply Depot  
  22  2:10  SCV  
  23  2:28  Starport  
  23  2:29  SCV  
  24  2:45  SCV  
  24  2:47  Barracks Tech Lab  
  25  2:55  Supply Depot  
  25  2:57  SCV  
  26  2:59  Command Center  
  26  3:01  Engineering Bay  
  26  3:03  Widow Mine  
  28  3:08  Widow Mine  
  30  3:20  Barracks Reactor  
  30  3:21  Orbital Command  
  30  3:27  Raven  
  32  3:38  Widow Mine x2  
  36  3:48  SCV  
  36  3:55  Missile Turret  
  37  4:00  SCV  
  38  4:06  Barracks Reactor  
  38  4:23  SCV  
  39  4:29  Orbital Command  
  39  4:33  Missile Turret  
  39  4:35  Widow Mine x2, SCV  
  46  4:40  Medivac  
  46  5:00  Barracks Tech Lab  
  46  5:05  Factory  
  46  5:41  SCV  
  45  5:52  Widow Mine x3  
  45  5:53  Widow Mine, SCV  
  54  5:59  Supply Depot  
  54  6:00  Supply Depot  
  54  6:09  Factory  
  54  6:13  Refinery  
  54  6:16  Refinery  
  54  6:20  SCV x2, Armory  
  54  6:24  Supply Depot  
  56  6:32  SCV  
  57  6:44  SCV  
  58  7:11  Siege Tank  
  61  7:16  Starport  
  61  7:20  Barracks Tech Lab  
  61  7:25  Fusion Core, Supply Depot  
  61  7:30  SCV  
  62  7:42  SCV  
  62  7:43  Widow Mine, Siege Tank  
  62  7:44  Widow Mine x3  
  66  7:49  Command Center  
  74  7:54  SCV  
  75  8:01  Starport Tech Lab  
  75  8:03  Starport  
  75  8:08  Terran Ship Weapons Level 1  
  75  8:10  SCV  
  76  8:13  SCV  
  77  8:22  SCV  
  77  8:25  SCV  
  79  8:32  Widow Mine x2  
  79  8:33  Widow Mine  
  85  8:39  Widow Mine, Siege Tank  
  90  8:42  SCV  
  89  8:54  SCV  
  80  9:49  Battlecruiser x3  
  98  9:54  Starport  
  98  9:57  SCV, Barracks Tech Lab  
  99  10:02  Refinery  
  99  10:06  Terran Ship Weapons Level 2  
  99  10:09  SCV x2  
  101  10:16  Refinery  
  101  10:22  Widow Mine x5, SCV x2  
  101  10:26  Barracks Tech Lab  
  113  10:45  Starport Tech Lab  
  113  10:53  Starport  
  113  11:03  SCV  
  114  11:06  SCV  
  114  11:07  SCV  
  116  11:15  SCV  
  117  11:23  Missile Turret  
  117  11:26  Missile Turret x2  
  117  11:27  Weapon Refit  
  117  11:28  Battlecruiser, Missile Turret, SCV x3  
  126  11:34  Missile Turret  
  126  11:40  SCV  
  127  11:49  Battlecruiser  
  127  11:50  Battlecruiser  
  139  12:05  Battlecruiser  
  145  12:22  Command Center  
  137  12:40  Battlecruiser x2  
  149  12:49  Widow Mine x3, Starport  
  156  12:59  Supply Depot  
  156  13:00  Supply Depot  
  156  13:02  Orbital Command  
  155  13:07  Supply Depot  
  154  13:24  Battlecruiser x2  
  154  13:26  Starport Tech Lab  
  143  13:53  Widow Mine x4  
  143  13:54  Widow Mine  
  101  14:11  Battlecruiser  
Show
View Real Time Build Order
Export as new Build Order

CaNT Terran 

Build Orders: Liberator Opening, MMM Bio 

Get SALT Encoding   

  12  0:01  SCV  
  13  0:13  SCV  
  14  0:18  Supply Depot  
  14  0:25  SCV  
  15  0:31  Refinery  
  15  0:36  Refinery  
  15  0:40  SCV  
  16  0:52  Barracks  
  16  0:58  SCV  
  17  1:10  SCV  
  18  1:22  SCV  
  19  1:34  SCV  
  20  1:46  Factory  
  20  1:47  SCV  
  21  1:52  Barracks Reactor, Supply Depot  
  21  1:59  SCV  
  22  2:03  Engineering Bay  
  22  2:11  SCV  
  23  2:25  Orbital Command  
  23  2:37  Starport  
  23  2:39  Factory Reactor  
  23  2:43  Barracks Tech Lab  
  23  2:47  Missile Turret  
  23  2:54  SCV  
  23  2:56  Liberator x2  
  30  3:25  Supply Depot  
  30  3:39  Liberator  
  30  3:41  Liberator  
  30  3:50  Command Center  
  36  4:10  Marine  
  36  4:13  Widow Mine  
  36  4:15  Barracks  
  39  4:52  Widow Mine, Marine  
  39  5:10  Marine  
  40  5:20  Viking x2  
  44  5:28  Marine  
  45  5:46  Marine  
  45  5:47  Widow Mine x2  
  47  5:50  Viking  
  46  6:04  Marine  
  47  6:16  Widow Mine  
  46  6:21  Marine  
  46  6:22  SCV x2  
  49  6:26  Stimpack  
  44  6:34  SCV x2  
  44  6:39  Marine  
  46  6:46  SCV x2  
  46  6:57  Marine  
  46  6:58  SCV x2  
  46  7:05  Marine  
  46  7:07  Cyclone x2  
  53  7:10  SCV  
  54  7:31  Supply Depot  
  54  7:49  SCV, Marine  
  54  7:52  Viking  
  54  7:53  Barracks Reactor, Cyclone x2  
  54  7:54  Supply Depot  
  54  7:58  Orbital Command  
  59  8:01  SCV  
  59  8:03  Missile Turret  
  60  8:07  Marine  
  60  8:12  Factory  
  61  8:13  SCV  
  61  8:17  Starport  
  60  8:22  Barracks  
  60  8:24  Marine  
  60  8:26  Viking x2  
  65  8:27  Combat Shields  
  65  8:29  SCV x2  
  65  8:32  Refinery  
  67  8:35  Refinery  
  67  8:40  Marine x2  
  70  8:41  SCV  
  70  8:51  Supply Depot x2  
  70  9:00  Command Center  
  70  9:12  Widow Mine x2, Marine x3  
  70  9:15  Supply Depot  
  78  9:17  Factory Tech Lab  
  78  9:20  Starport Tech Lab  
  78  9:22  Barracks Reactor  
  77  9:30  Marine x3  
  77  9:31  Terran Infantry Armor Level 1  
  80  9:34  Barracks, Medivac x2  
  80  9:35  Barracks  
  84  9:43  Siege Tank  
  87  9:48  Marine x3  
  90  9:58  Medivac  
  90  9:59  Marine x2  
  94  10:10  Supply Depot  
  94  10:11  Supply Depot  
  94  10:12  SCV x2, Marine x3, Medivac  
  101  10:16  Orbital Command  
  101  10:17  Marine x2  
  103  10:24  SCV x2  
  103  10:25  Armory  
  105  10:29  Marine x3  
  105  10:34  Supply Depot  
  105  10:35  Marine  
  109  10:38  Engineering Bay  
  110  10:42  SCV  
  110  10:43  SCV x2  
  110  10:45  Marine  
  110  10:47  Marine  
  110  10:48  Marine x2  
  116  10:54  SCV  
  116  10:55  SCV  
  118  11:02  Missile Turret, SCV  
  119  11:09  Supply Depot  
  119  11:11  Terran Infantry Weapons Level 1  
  119  11:13  Marine  
  120  11:23  Marine x4  
  120  11:24  Missile Turret  
  124  11:31  Marine  
  125  11:41  Marine x4  
  125  11:46  Missile Turret  
  129  11:49  Marine  
  130  11:59  Marine x3  
  81  12:38  Marine  
  81  12:39  Marine x4  
  81  12:42  Widow Mine x3  
  77  12:45  Medivac x3  
  77  12:50  SCV  
  77  12:51  SCV  
  82  12:54  Refinery  
  82  12:56  Refinery, Marine x4  
  82  12:57  Marine  
  82  12:58  SCV  
  88  13:03  SCV x2  
  88  13:05  Supply Depot  
  90  13:07  Supply Depot  
  90  13:09  Supply Depot  
  90  13:11  Widow Mine  
  92  13:14  Marine x5  
  92  13:15  Medivac x2  
  101  13:32  Marine x5  
  77  13:42  Widow Mine x3  
  73  13:49  Marine  
  73  13:50  Marine x4  
  76  14:07  Marine  
  76  14:08  Marine x4  
  70  14:10  Widow Mine x3  
  71  14:19  Viking  
  71  14:22  Barracks Reactor  
  71  14:23  Barracks Reactor  
  73  14:25  Marine x4  
  73  14:26  Marine  
  76  14:43  Marine x5  
  81  14:45  Widow Mine  
  81  14:46  Widow Mine x2  
Show
View Real Time Build Order
Export as new Build Order

Loken Protoss - Winner!

Build Orders: Oracle Opening 

Get SALT Encoding   

  12  0:01  Probe (Chrono Boost)  
  13  0:12  Probe (Chrono Boost)  
  14  0:20  Pylon  
  14  0:25  Probe (Chrono Boost)  
  15  0:38  Probe (Chrono Boost)  
  15  0:39  Gateway  
  16  0:47  Assimilator  
  16  0:49  Probe (Chrono Boost)  
  17  0:59  Probe (Chrono Boost)  
  18  1:08  Pylon  
  18  1:10  Probe (Chrono Boost)  
  19  1:15  Assimilator  
  19  1:21  Probe (Chrono Boost)  
  20  1:28  Cybernetics Core  
  20  1:35  Probe (Chrono Boost)  
  20  1:36  Pylon  
  21  1:46  Probe (Chrono Boost)  
  22  1:56  Probe (Chrono Boost)  
  23  2:04  Warp Gate  
  23  2:05  Stalker  
  23  2:07  Mothership Core (Chrono Boost)  
  27  2:11  Gateway  
  27  2:34  Probe (Chrono Boost)  
  27  2:35  Stalker  
  30  2:52  Stargate  
  30  2:59  Nexus  
  30  3:06  Stalker  
  32  3:15  Stalker  
  32  3:18  Probe (Chrono Boost)  
  35  3:26  Pylon  
  35  3:35  Probe (Chrono Boost)  
  35  3:40  Oracle  
  39  3:45  Probe (Chrono Boost)  
  40  4:02  Assimilator  
  40  4:06  Assimilator  
  40  4:08  Probe (Chrono Boost)  
  41  4:11  Pylon  
  41  4:18  Pylon, Probe (Chrono Boost)  
  41  4:19  Probe (Chrono Boost)  
  43  4:29  Probe x2 (Chrono Boost)  
  45  4:32  Void Ray  
  49  4:39  Probe (Chrono Boost)  
  49  4:40  Probe (Chrono Boost)  
  50  4:50  Probe (Chrono Boost)  
  50  4:51  Probe (Chrono Boost)  
  47  5:01  Probe (Chrono Boost)  
  48  5:08  Probe (Chrono Boost)  
  48  5:12  Probe (Chrono Boost)  
  50  5:18  Probe (Chrono Boost)  
  51  5:23  Probe (Chrono Boost)  
  52  5:29  Probe (Chrono Boost)  
  52  5:33  Probe (Chrono Boost)  
  54  5:39  Probe (Chrono Boost)  
  52  5:42  Stalker x2  
  52  5:44  Probe (Chrono Boost)  
  52  5:45  Void Ray  
  61  5:50  Probe (Chrono Boost)  
  62  6:00  Probe (Chrono Boost)  
  62  6:02  Fleet Beacon  
  64  6:11  Probe (Chrono Boost)  
  64  6:21  Probe (Chrono Boost)  
  65  6:26  Stalker x2  
  65  6:31  Forge  
  65  6:32  Probe (Chrono Boost)  
  70  6:37  Robotics Facility  
  70  6:40  Stargate  
  70  6:43  Probe (Chrono Boost)  
  70  6:46  Probe (Chrono Boost)  
  72  6:53  Probe (Chrono Boost)  
  73  6:57  Probe (Chrono Boost)  
  74  7:04  Probe (Chrono Boost)  
  75  7:26  Pylon  
  75  7:29  Observer, Pylon  
  76  7:37  Pylon  
  76  7:41  Nexus  
  76  7:44  Carrier  
  76  7:47  Carrier  
  88  7:58  Stalker x2  
  90  8:26  Observer  
  91  8:29  Graviton Catapult  
  85  9:10  Carrier  
  85  9:13  Carrier  
  90  9:27  Pylon  
  74  9:47  Probe (Chrono Boost)  
  75  9:58  Probe (Chrono Boost)  
  76  10:01  Probe (Chrono Boost)  
  76  10:02  Probe (Chrono Boost)  
  76  10:05  Assimilator  
  78  10:08  Probe (Chrono Boost)  
  78  10:09  Assimilator  
  78  10:11  Pylon  
  78  10:12  Probe x2 (Chrono Boost)  
  78  10:14  Pylon  
  81  10:15  Photon Cannon  
  81  10:19  Photon Cannon, Probe (Chrono Boost)  
  82  10:22  Probe (Chrono Boost)  
  82  10:23  Probe (Chrono Boost), Protoss Air Weapons Level 1  
  84  10:30  Probe (Chrono Boost)  
  84  10:33  Probe x2 (Chrono Boost)  
  87  10:35  Carrier  
  87  10:38  Carrier  
  87  10:40  Probe (Chrono Boost)  
  100  10:44  Probe x2 (Chrono Boost)  
  102  10:51  Probe (Chrono Boost)  
  102  10:54  Probe x2 (Chrono Boost)  
  102  10:55  Photon Cannon  
  105  10:58  Photon Cannon  
  105  11:01  Probe (Chrono Boost)  
  106  11:05  Probe x2 (Chrono Boost)  
  108  11:12  Probe (Chrono Boost)  
  108  11:15  Probe x2 (Chrono Boost)  
  111  11:22  Probe (Chrono Boost)  
  118  11:26  Probe x2 (Chrono Boost)  
  120  11:33  Probe (Chrono Boost)  
  120  11:36  Probe x2 (Chrono Boost)  
  120  11:37  Stargate  
  124  11:40  Observer  
  124  11:43  Probe (Chrono Boost)  
  126  11:47  Probe (Chrono Boost)  
  126  11:53  Photon Cannon  
  126  12:03  Tempest  
  126  12:04  Tempest  
  128  12:57  Carrier x2  
  140  13:01  Pylon  
  140  13:02  Pylon  
  140  13:04  Pylon  
  140  13:06  Pylon  
  140  13:07  Pylon  
  140  13:13  Probe (Chrono Boost)  
  140  13:19  Carrier, Probe x2 (Chrono Boost)  
  149  13:23  Probe (Chrono Boost)  
  98  14:34  Nexus  
  110  14:42  Nexus  
Show
View Real Time Build Order
Export as new Build Order

dallaskuken Protoss - Winner!

Build Orders:  

Get SALT Encoding   

  12  0:01  Probe (Chrono Boost)  
  13  0:11  Probe (Chrono Boost)  
  14  0:19  Pylon  
  14  0:24  Probe (Chrono Boost)  
  15  0:37  Probe (Chrono Boost)  
  16  0:47  Probe (Chrono Boost)  
  17  0:51  Gateway  
  17  0:57  Gateway  
  17  1:03  Probe (Chrono Boost)  
  18  1:05  Assimilator  
  18  1:13  Assimilator  
  18  1:14  Probe (Chrono Boost)  
  19  1:24  Probe (Chrono Boost)  
  20  1:35  Probe (Chrono Boost)  
  21  2:01  Cybernetics Core  
  21  2:07  Pylon  
  21  2:09  Nexus  
  21  2:11  Probe (Chrono Boost)  
  22  2:21  Probe (Chrono Boost)  
  23  2:25  Zealot  
  25  2:32  Probe (Chrono Boost)  
  26  2:41  Pylon  
  26  2:43  Probe (Chrono Boost)  
  27  2:50  Stalker  
  29  2:53  Warp Gate, Probe (Chrono Boost)  
  30  3:04  Mothership Core (Chrono Boost)  
  32  3:19  Stalker  
  34  3:22  Stalker  
  36  3:27  Probe (Chrono Boost)  
  37  3:38  Pylon, Probe (Chrono Boost)  
  39  3:48  Probe (Chrono Boost)  
  39  3:59  Stargate, Probe (Chrono Boost)  
  39  4:02  Assimilator  
  40  4:06  Assimilator  
  40  4:09  Probe (Chrono Boost)  
  41  4:20  Probe (Chrono Boost)  
  41  4:22  Pylon  
  42  4:30  Probe (Chrono Boost)  
  43  4:41  Probe (Chrono Boost)  
  43  4:44  Void Ray  
  48  4:52  Probe (Chrono Boost)  
  49  5:02  Probe (Chrono Boost)  
  50  5:13  Probe (Chrono Boost)  
  51  5:23  Stargate  
  42  5:38  Void Ray  
  46  5:54  Stargate  
  44  6:18  Void Ray  
  47  6:44  Forge  
  44  7:19  Photon Cannon  
  44  7:23  Void Ray x2  
  44  7:24  Void Ray  
  56  8:17  Fleet Beacon  
  56  8:33  Probe (Chrono Boost)  
  57  8:44  Probe (Chrono Boost)  
  58  8:54  Probe (Chrono Boost)  
  59  9:05  Probe (Chrono Boost)  
  60  9:14  Mothership Core (Chrono Boost)  
  60  9:15  Carrier, Probe (Chrono Boost)  
  67  9:26  Pylon, Probe (Chrono Boost)  
  67  9:29  Pylon  
  67  9:30  Pylon  
  68  9:36  Probe (Chrono Boost)  
  69  9:47  Probe (Chrono Boost)  
  69  9:50  Photon Cannon  
  70  9:53  Photon Cannon  
  70  9:57  Photon Cannon, Probe (Chrono Boost)  
  71  10:07  Carrier  
  77  10:17  Nexus  
  77  10:20  Pylon  
  77  10:22  Pylon  
  77  10:25  Assimilator  
  77  10:29  Assimilator  
  83  10:39  Photon Cannon  
  83  10:41  Photon Cannon  
  83  10:44  Photon Cannon  
  83  10:52  Carrier  
  83  10:55  Carrier  
  95  11:08  Protoss Air Armor Level 1  
  95  11:17  Protoss Shields Level 1  
  95  11:32  Probe (Chrono Boost)  
  96  11:42  Probe (Chrono Boost)  
  97  11:50  Probe (Chrono Boost)  
  97  11:53  Probe (Chrono Boost)  
  99  12:03  Probe (Chrono Boost)  
  100  12:14  Carrier  
  106  12:18  Carrier  
  108  12:45  Carrier  
  108  12:49  Protoss Air Armor Level 2  
  118  14:25  Probe (Chrono Boost)  
  119  14:35  Probe (Chrono Boost)  
  108  14:46  Probe (Chrono Boost)  
Tags
 
Add a new tag
Caveats
  • Supply blocks, unpowered buildings, or Contaminate may cause inaccurate times.
  • Supply counts are checked every 10 seconds.